 Dungeon Crawl Stone Soup version 0.30-a0-165-g1891117ce2 (webtiles) character file.

Game seed: 10247705862845205879

17 qw the Shield-Bearer (level 2, -1/19 HPs)
             Began as a Gargoyle Fighter on Sept 28, 2022.
             Slain by Natasha (6 damage)
             ... on level 2 of the Dungeon.
             The game lasted 00:00:18 (886 turns).

qw the Shield-Bearer (Gargoyle Fighter)              Turns: 886, Time: 00:00:18

Health: -1/19      AC: 10    Str: 19    XL:     2   Next: 62%
Magic:  2/2        EV:  9    Int:  8    God:
Gold:   75         SH:  4    Dex:  9    Spells: 1/1 levels left

rFire   . . .      SeeInvis .    Y - +0 war axe
rCold   . . .      Faith    .    c - +0 buckler
rNeg    + . .      Spirit   .    b - +0 scale mail
rPois   inf        Reflect  .    (no helmet)
rElec   +          Harm     .    (no cloak)
rCorr   .          Rampage  .    (no gloves)
Will    .....                    i - +0 pair of boots
Stlth   ..........               k - amulet of regeneration
HPRegen 0.86/turn                (no ring)
MPRegen 0.08/turn                (no ring)

@: slowed, very slow
A: sickness immunity, AC +2, negative energy resistance 1, electricity
resistance, torment resistance 1, petrification resistance
a: no special abilities


You were on level 2 of the Dungeon.
You visited 1 branch of the dungeon, and saw 2 of its levels.

You collected 75 gold pieces.


Innate Abilities, Weirdness & Mutations

You are immune to sickness and miasma.
Your stone body is resilient. (AC +2)
You are immune to poison.
You resist negative energy. (rN+)
You are resistant to electric shocks. (rElec)
You are resistant to unholy torment.
You are immune to petrification.


   Skills:
 - Level 3.2 Fighting
 + Level 2.8 Axes
 - Level 3.2 Armour
 - Level 3.2 Shields


You had one spell level left.
You didn't know any spells.
Your spell library was empty.

Inventory:

Hand Weapons
 h - a +0 club
 Y - a +0 war axe (weapon)
Armour
 b - a +0 scale mail (worn)
 c - a +0 buckler (worn)
 i - a +0 pair of boots (worn)
Jewellery
 k - an amulet of regeneration (around neck)
Potions
 d - a potion of might
 e - a potion of curing
 f - a potion of resistance {unknown}

Dungeon Overview and Level Annotations

Branches:
Dungeon (2/15)

Altars:

Annotations:
D:2 Natasha


Message History

The puff of frost misses you.
The puff of frost hits the iron imp.
The iron imp resists.
Natasha casts a spell at you.
You feel as though you will be slow longer.
The adder closely misses you. The iron imp hits you.
The adder bites you but does no damage. Natasha claws you.
The crimson imp blinks!
The adder closely misses you.
The iron imp hits you but does no damage.
Natasha closely misses you.
You barely miss Natasha.
Natasha is severely wounded.
You hit the iron imp but do no damage. You hit the adder.
The adder bites you but does no damage. Natasha casts a spell at you.
You resist with significant effort. The iron imp misses you.
The adder barely misses you. The white imp gestures at you.
The puff of frost hits you but does no damage.
Natasha claws you but does no damage.
You barely miss Natasha.
Natasha is severely wounded.
You hit the iron imp. You miss the adder.
You hit the white imp but do no damage. You block the adder's attack.
The iron imp barely misses you. The adder closely misses you.
The white imp hits you but does no damage.
Natasha barely misses you.
The iron imp hits you but does no damage.
You block the adder's attack. Natasha barely misses you.
You closely miss Natasha.
Natasha is severely wounded.
You hit the adder but do no damage. You closely miss the crimson imp.
You hit the iron imp but do no damage. The adder misses you.
The white imp shouts, "Go and return not, thou weedy shard-borne flim-flammer!"
You block the crimson imp's attack. Natasha claws you.
The adder bites you but does no damage. The iron imp hits you.
The crimson imp disappears for a moment.
The crimson imp blinks!
Natasha claws you.
You die...

.....#.# #..#...###
#.......## ####..#..#
#..##.#####
#...#.....#####
##..#####.....####.##
##.# #######5.......
## #....h@S..#####
.?5...5##### #######


You could see an iron imp (summoned), Natasha, a crimson imp (summoned), an
adder and a white imp (summoned).

Vanquished Creatures
  An endoplasm (D:1)
  A giant cockroach (D:1)
  3 goblins (D:1)
  2 hobgoblins (D:1)
  3 ball pythons (D:1)
  3 kobolds (D:1)
  5 rats
18 creatures vanquished.

Notes
Turn   | Place    | Note
-------+----------+-------------------------------------------
     0 | D:1      | qw the Gargoyle Fighter began the quest for the Orb.
     0 | D:1      | Reached XP level 1. HP: 14/14 MP: 1/1
     0 | D:1      | 0 ||| qw: Version: 0.2-a-12-gaebbb33
     0 | D:1      | 0 ||| qw: Game counter: 819
     0 | D:1      | 0 ||| qw: Always use a shield: true
     0 | D:1      | 0 ||| qw: God list: Okawaru
     0 | D:1      | 0 ||| qw: Allow faded altars: false
     0 | D:1      | 0 ||| qw: Do Orc after D:15 true
     0 | D:1      | 0 ||| qw: Do second Lair branch before Depths: true
     0 | D:1      | 0 ||| qw: Lair rune preference: random
     0 | D:1      | 0 ||| qw: Plans: Normal, Zot:1-4, God:TSO, Crypt, Tomb,
                  | Pan, Slime:5, Hells, Abyss, Orb
     0 | D:1      | 0 ||| PLANNING D:1-11
   276 | D:1      | 276 ||| Stepping ~*~*~tactically~*~*~ (stealth).
   280 | D:1      | Reached XP level 2. HP: 19/19 MP: 2/2
   448 | D:1      | 448 ||| Stepping ~*~*~tactically~*~*~ (stealth).
   449 | D:1      | 449 ||| Stepping ~*~*~tactically~*~*~ (stealth).
   543 | D:1      | 543 ||| Stepping ~*~*~tactically~*~*~ (stealth).
   715 | D:1      | 715 ||| UPGRADING to +0 pair of boots.
   720 | D:1      | 720 ||| UPGRADING to amulet of regeneration.
   725 | D:1      | 725 ||| READING scroll labelled VEQOSAOMEE.
   826 | D:1      | 826 ||| READING scroll labelled JYOMAM GYMUMURR.
   827 | D:1      | 827 ||| READING scroll labelled BULOTA ISORPH.
   828 | D:1      | 828 ||| DRINKING 2 silvery potions.
   873 | D:2      | Noticed Natasha
   882 | D:2      | Noticed a crimson imp
   886 | D:2      | Slain by Natasha

Levels and vault maps discovered:
D:1:      dpeg_arrival_rhombus, layout_basic
D:2:      layout_rooms, uniq_natasha

Skill      XL: |  1 |
---------------+----+-----
Axes           | 2 |  2.8
Fighting       | |  3.2
Armour         | |  3.2
Shields        | |  3.2

Action                   || total
-------------------------++-------
Melee: War axe           ||    52
  Use: Scroll            ||     3
       Potion            ||     1
Armor: Scale mail        ||    47
Dodge: Dodged            ||    34
Block: Buckler           ||    12

Table legend:
 A = Non-vault XP
 B = Vault XP
 C = Vault XP percentage of total XP
 D = Non-vault monster count
 E = Vault monster count
 F = Vault count percentage of total count
                 A         B        C        D         E       F
            +---------+---------+-------+---------+---------+-------
      Total |      25 |       0 |   0.0 |      18 |       0 |   0.0
            +---------+---------+-------+---------+---------+-------
        D:1 |      24 |       0 |   0.0 |      17 |       0 |   0.0
        D:2 |       1 |       0 |   0.0 |       1 |       0 |   0.0
            +---------+---------+-------+---------+---------+-------
